PL
NORTHERN VIRGINIA RAINBOW MERMAIDS @ BOSTON PATRIOTS
08/07/2048
 
TOP OF THE 1ST
Northern Virginia Rainbow Mermaids batting - Pitching for Boston Patriots : RHP Ronald Fritz
Pitching: RHP Ronald Fritz
Batting: RHB Ángel Saelices 0-0: Ball
1-0: Foul Ball, location: 2F
1-1: Ball
2-1: SINGLE (Groundball, 56D, EV 108.1 MPH)
Batting: LHB Dhataki Pummy 0-0: Ball
1-0: Ball
2-0: Foul Ball, location: 2F
2-1: Foul Ball, location: 2F
2-2: Strikes out swinging
Batting: RHB Marcos Janero 0-0: Grounds into double play, 6-4-3 (Groundball, 6, EV 102.5 MPH)
Top of the 1st over - 0 runs, 1 hit, 0 errors, 0 left on base; Northern Virginia 0 - Boston 0
BOTTOM OF THE 1ST
Boston Patriots batting - Pitching for Northern Virginia Rainbow Mermaids : LHP Horace Cope
Pitching: LHP Horace Cope
Batting: RHB Juan Lugo 0-0: Called Strike
0-1: Fly out, F4 (Popup, 4S, EV 66.2 MPH)
Batting: RHB Tim Wright 0-0: Ball
1-0: Called Strike
1-1: Foul Ball, location: 2F
1-2: Ball
2-2: Strikes out swinging
Batting: RHB Jorge Martínez 0-0: Ball
1-0: Ground out 6-3 (Groundball, 6, EV 87.5 MPH)
Bottom of the 1st over - 0 runs, 0 hits, 0 errors, 0 left on base; Northern Virginia 0 - Boston 0
TOP OF THE 2ND
Northern Virginia Rainbow Mermaids batting - Pitching for Boston Patriots : RHP Ronald Fritz
Batting: LHB Benno Luby 0-0: SOLO HOME RUN (Flyball, 78XD, EV 104.4 MPH), Distance : 415 ft
Batting: RHB Chris P. Bacon 0-0: Foul Ball, location: 2F
0-1: Ball
1-1: Ball
2-1: Swinging Strike
2-2: Ball
3-2: Base on Balls
Batting: RHB Guillermo Dettori 0-0: Ball
1-0: Foul Ball, location: 2F
1-1: Ball
2-1: Called Strike
2-2: Grounds into double play, 4-6-3 (Groundball, 4S, EV 85.6 MPH)
Batting: LHB Ryder Ringor 0-0: Ball
1-0: Fly out, F6 (Flyball, 6D, EV 85.0 MPH)
Top of the 2nd over - 1 run, 1 hit, 0 errors, 0 left on base; Northern Virginia 1 - Boston 0
BOTTOM OF THE 2ND
Boston Patriots batting - Pitching for Northern Virginia Rainbow Mermaids : LHP Horace Cope
Batting: RHB Thiago Yepes 0-0: Ball
1-0: Called Strike
1-1: Called Strike
1-2: Strikes out swinging
Batting: RHB Masafumi Kawaguchi 0-0: Ball
1-0: Ball
2-0: Called Strike
2-1: Foul Ball, location: 2F
2-2: Foul Ball, location: 2F
2-2: Strikes out swinging
Batting: RHB Dídac Nores 0-0: Swinging Strike
0-1: Ball
1-1: Ball
2-1: Fly out, F4 (Line Drive, 4, EV 61.9 MPH)
Bottom of the 2nd over - 0 runs, 0 hits, 0 errors, 0 left on base; Northern Virginia 1 - Boston 0
TOP OF THE 3RD
Northern Virginia Rainbow Mermaids batting - Pitching for Boston Patriots : RHP Ronald Fritz
Batting: RHB Cam Lumsden 0-0: Called Strike
0-1: Swinging Strike
0-2: Ball
1-2: Ground out 6-3 (Groundball, 6S, EV 67.5 MPH)
Batting: RHB Cédric Dumas 0-0: Ball
1-0: Ball
2-0: Foul Ball, location: 2F
2-1: Fly out, F7 (Flyball, 7LS, EV 95.0 MPH)
Batting: RHB Ángel Saelices 0-0: Called Strike
0-1: Ball
1-1: Ball
2-1: Swinging Strike
2-2: Foul Ball, location: 2F
2-2: Foul Ball, location: 2F
2-2: Ball
3-2: Foul Ball, location: 2F
3-2: Foul Ball, location: 2F
3-2: Foul Ball, location: 2F
3-2: Base on Balls
Batting: LHB Dhataki Pummy 0-0: Ball
1-0: Ball
2-0: TRIPLE (Flyball, 9D, EV 91.2 MPH)
Ángel Saelices scores
Batting: RHB Marcos Janero 0-0: Foul Ball, location: 2F
0-1: Ball
1-1: SINGLE (Line Drive, 8RS, EV 106.2 MPH)
Dhataki Pummy scores
Batting: LHB Benno Luby 0-0: Ball
1-0: Foul Ball, location: 2F
1-1: Ball
2-1: Ball
3-1: Foul Ball, location: 2F
3-2: Base on Balls
Marcos Janero to second
Batting: RHB Chris P. Bacon 0-0: Ball
Benno Luby is caught stealing 2nd base 2-4
Marcos Janero steals 3rd base
Top of the 3rd over - 2 runs, 2 hits, 0 errors, 1 left on base; Northern Virginia 3 - Boston 0
BOTTOM OF THE 3RD
Boston Patriots batting - Pitching for Northern Virginia Rainbow Mermaids : LHP Horace Cope
Batting: LHB Tony Parra 0-0: Ball
1-0: Ball
2-0: Foul Ball, location: 2F
2-1: Foul Ball, location: 2F
2-2: Fly out, F6 (Flyball, 56D, EV 79.4 MPH)
Batting: RHB Damon Bansfield 0-0: Ball
1-0: SINGLE (Groundball, 3D, EV 105.6 MPH)
Batting: LHB Trent Conner 0-0: Foul Ball, location: 2F
0-1: Ball
1-1: Ball
2-1: Ball
3-1: Base on Balls
Damon Bansfield to second
Batting: RHB Juan Lugo 0-0: Ball
Damon Bansfield steals 3rd base
1-0: Swinging Strike
1-1: Called Strike
1-2: Hit by Pitch
Trent Conner to second
Batting: RHB Tim Wright 0-0: Foul Ball, location: 2F
0-1: SINGLE (Groundball, 34D, EV 95.0 MPH)
Damon Bansfield scores
Trent Conner to third
Juan Lugo to second
Batting: RHB Jorge Martínez 0-0: Swinging Strike
0-1: Called Strike
0-2: Fly out, F9 (Flyball, 9D, EV 92.5 MPH)
Batting: RHB Thiago Yepes 0-0: Ball
1-0: Ball
2-0: SINGLE (Line Drive, 8LS, EV 89.4 MPH)
Trent Conner scores
Juan Lugo to third
Tim Wright to second
Runner from 3rd tries for Home, SAFE, throw by CF to home
Batting: RHB Masafumi Kawaguchi 0-0: Ball
1-0: Called Strike
1-1: Foul Ball, location: 2F
1-2: Foul Ball, location: 2F
1-2: Fielders Choice at 2nd, 6-4 (Groundball, 6, EV 78.1 MPH)
Bottom of the 3rd over - 3 runs, 3 hits, 0 errors, 2 left on base; Northern Virginia 3 - Boston 3
TOP OF THE 4TH
Northern Virginia Rainbow Mermaids batting - Pitching for Boston Patriots : RHP Ronald Fritz
Batting: RHB Chris P. Bacon 0-0: Ball
1-0: Ball
2-0: Foul Ball, location: 2F
2-1: Swinging Strike
2-2: Ball
3-2: Base on Balls
Batting: RHB Guillermo Dettori 0-0: Called Strike
0-1: Swinging Strike
0-2: Foul Ball, location: 2F
0-2: Foul Ball, location: 2F
0-2: Strikes out swinging
Batting: LHB Ryder Ringor 0-0: Grounds into double play, 4-6-3 (Groundball, 34, EV 108.1 MPH)
Top of the 4th over - 0 runs, 0 hits, 0 errors, 0 left on base; Northern Virginia 3 - Boston 3
BOTTOM OF THE 4TH
Boston Patriots batting - Pitching for Northern Virginia Rainbow Mermaids : LHP Horace Cope
Batting: RHB Dídac Nores 0-0: Called Strike
0-1: Ball
1-1: Foul Ball, location: 2F
1-2: Ball
2-2: Ball
3-2: Base on Balls
Batting: LHB Tony Parra 0-0: Foul Ball, location: 2F
0-1: Called Strike
0-2: Ball
1-2: Ball
2-2: Strikes out looking
Batting: RHB Damon Bansfield Pickoff Throw to First - Error! E1
Dídac Nores to second
0-0: Called Strike
0-1: Called Strike
0-2: Ball
1-2: Ball
2-2: Ball
3-2: Fly out, F3 (Popup, 3DF, EV 78.8 MPH)
Batting: LHB Trent Conner 0-0: Foul Ball, location: 2F
0-1: Called Strike
0-2: Ball
1-2: Strikes out looking
Bottom of the 4th over - 0 runs, 0 hits, 1 error, 1 left on base; Northern Virginia 3 - Boston 3
TOP OF THE 5TH
Northern Virginia Rainbow Mermaids batting - Pitching for Boston Patriots : RHP Ronald Fritz
Batting: RHB Cam Lumsden 0-0: Fly out, F8 (Flyball, 8RXD, EV 107.5 MPH)
Batting: RHB Cédric Dumas 0-0: Foul Ball, location: 2F
0-1: Ball
1-1: Ball
2-1: Called Strike
2-2: Strikes out swinging
Batting: RHB Ángel Saelices 0-0: Ball
1-0: Swinging Strike
1-1: Called Strike
1-2: Ball
2-2: Fly out, F8 (Flyball, 8RXD, EV 96.2 MPH)
Top of the 5th over - 0 runs, 0 hits, 0 errors, 0 left on base; Northern Virginia 3 - Boston 3
BOTTOM OF THE 5TH
Boston Patriots batting - Pitching for Northern Virginia Rainbow Mermaids : LHP Horace Cope
Batting: RHB Juan Lugo 0-0: Ball
1-0: Called Strike
1-1: Ball
2-1: DOUBLE (Flyball, 78XD, EV 96.9 MPH)
Batting: RHB Tim Wright 0-0: Ball
1-0: Called Strike
Juan Lugo steals 3rd base
1-1: Called Strike
1-2: Fly out, F8 (Flyball, 8RS, EV 89.4 MPH)
Runner from 3rd tags up, SCORES, throw by CF
Batting: RHB Jorge Martínez 0-0: Foul Ball, location: 2F
0-1: Called Strike
0-2: Strikes out swinging
Batting: RHB Thiago Yepes 0-0: Ball
1-0: Fly out, F5 (Line Drive, 5, EV 70.6 MPH)
Bottom of the 5th over - 1 run, 1 hit, 0 errors, 0 left on base; Northern Virginia 3 - Boston 4
TOP OF THE 6TH
Northern Virginia Rainbow Mermaids batting - Pitching for Boston Patriots : RHP Ronald Fritz
Batting: LHB Dhataki Pummy 0-0: Called Strike
0-1: Ball
1-1: Called Strike
1-2: Foul Ball, location: 2F
1-2: Strikes out looking
Pitching: RHP Rubén Vázquez
Batting: RHB Marcos Janero 0-0: Called Strike
0-1: Called Strike
0-2: Ball
1-2: Foul Ball, location: 2F
1-2: Fly out, F9 (Flyball, 9S, EV 89.4 MPH)
Batting: LHB Benno Luby 0-0: Ball
1-0: Foul Ball, location: 2F
1-1: SINGLE (Groundball, 5L, EV 102.5 MPH) (infield hit)
Batting: RHB Chris P. Bacon 0-0: Ball
1-0: Ball
2-0: Foul Ball, location: 2F
2-1: Foul Ball, location: 2F
2-2: Foul Ball, location: 2F
2-2: Fly out, F9 (Flyball, 9D, EV 95.0 MPH)
Top of the 6th over - 0 runs, 1 hit, 0 errors, 1 left on base; Northern Virginia 3 - Boston 4
BOTTOM OF THE 6TH
Boston Patriots batting - Pitching for Northern Virginia Rainbow Mermaids : LHP Horace Cope
Batting: RHB Masafumi Kawaguchi 0-0: Swinging Strike
0-1: Foul Ball, location: 2F
0-2: Ball
1-2: Ball
2-2: Strikes out swinging
Pitching: RHP Jeff McFarland
Batting: RHB Dídac Nores 0-0: Called Strike
0-1: Foul Ball, location: 2F
0-2: Strikes out looking
Batting: LHB Tony Parra 0-0: Foul Ball, location: 2F
0-1: Ball
1-1: Fly out, F8 (Flyball, 8LM, EV 88.1 MPH)
Bottom of the 6th over - 0 runs, 0 hits, 0 errors, 0 left on base; Northern Virginia 3 - Boston 4
TOP OF THE 7TH
Northern Virginia Rainbow Mermaids batting - Pitching for Boston Patriots : RHP Rubén Vázquez
Batting: RHB Guillermo Dettori 0-0: Ball
1-0: Foul Ball, location: 2F
1-1: Foul Ball, location: 2F
1-2: Foul Ball, location: 2F
1-2: Ground out 5-3 (Groundball, 56, EV 101.2 MPH)
Batting: LHB Ryder Ringor 0-0: SINGLE (Groundball, 56D, EV 93.8 MPH)
Batting: RHB Cam Lumsden 0-0: Called Strike
0-1: Foul Ball, location: 2F
0-2: Strikes out swinging
Pinch Hitting: LHB Chad Proctor 0-0: Called Strike
0-1: Foul Ball, location: 2F
0-2: Strikes out swinging
Top of the 7th over - 0 runs, 1 hit, 0 errors, 1 left on base; Northern Virginia 3 - Boston 4
BOTTOM OF THE 7TH
Boston Patriots batting - Pitching for Northern Virginia Rainbow Mermaids : RHP Jeff McFarland
Now at SS: Cor van Capelleveen
Batting: RHB Damon Bansfield 0-0: Ball
1-0: Called Strike
1-1: Ball
2-1: Ball
3-1: Foul Ball, location: 2F
3-2: Foul Ball, location: 2F
3-2: Foul Ball, location: 2F
3-2: SINGLE (Groundball, 4MD, EV 101.2 MPH)
Batting: LHB Trent Conner 0-0: Called Strike
0-1: Ball
1-1: Ball
2-1: Called Strike
Damon Bansfield steals 2nd base
2-2: DOUBLE (Flyball, 8LXD, EV 105.0 MPH)
Damon Bansfield scores
Batting: RHB Juan Lugo 0-0: Intentional Walk
Batting: RHB Tim Wright 0-0: Foul Ball, location: 2F
0-1: Called Strike
0-2: Strikes out swinging
Batting: RHB Jorge Martínez 0-0: DOUBLE (Flyball, 8RXD, EV 106.9 MPH)
Trent Conner scores
Juan Lugo to third
Runner from 3rd tries for Home, SAFE, no throw by CF
Pitching: RHP Chuck Spadina
Batting: RHB Thiago Yepes 0-0: Called Strike
0-1: Foul Ball, location: 2F
0-2: Foul Ball, location: 2F
0-2: Strikes out looking
Batting: RHB Masafumi Kawaguchi 0-0: Foul Ball, location: 2F
0-1: Foul Ball, location: 2F
0-2: SINGLE (Line Drive, 5D, EV 100.0 MPH)
Jorge Martínez to third
Runner from 3rd tries for Home, SAFE, throw by LF to home
Batting: RHB Dídac Nores 0-0: Called Strike
0-1: Ball
1-1: Called Strike
1-2: Ball
2-2: Reached on error, E5 (Groundball, 56S, EV 79.4 MPH)
Masafumi Kawaguchi to third
Batting: LHB Tony Parra 0-0: Ball
1-0: Ball
2-0: Fly out, F8 (Flyball, 8RS, EV 88.8 MPH)
Bottom of the 7th over - 4 runs, 4 hits, 1 error, 2 left on base; Northern Virginia 3 - Boston 8
TOP OF THE 8TH
Northern Virginia Rainbow Mermaids batting - Pitching for Boston Patriots : RHP Rubén Vázquez
Pitching: RHP Lung Zhou
Batting: RHB Ángel Saelices 0-0: Called Strike
0-1: Foul Ball, location: 2F
0-2: Strikes out swinging
Batting: LHB Dhataki Pummy 0-0: Swinging Strike
0-1: Ground out 4-3 (Groundball, 4M, EV 97.5 MPH)
Batting: RHB Marcos Janero 0-0: Ball
1-0: Fly out, F8 (Flyball, 8LXD, EV 80.6 MPH)
Top of the 8th over - 0 runs, 0 hits, 0 errors, 0 left on base; Northern Virginia 3 - Boston 8
BOTTOM OF THE 8TH
Boston Patriots batting - Pitching for Northern Virginia Rainbow Mermaids : RHP Chuck Spadina
Batting: RHB Damon Bansfield 0-0: Foul Ball, location: 2F
0-1: Ground out 4-3 (Groundball, 4M, EV 88.8 MPH)
Batting: LHB Trent Conner 0-0: Ball
1-0: Ball
2-0: Ball
3-0: Called Strike
3-1: Called Strike
3-2: Strikes out swinging
Batting: RHB Juan Lugo 0-0: Ball
1-0: Foul Ball, location: 2F
1-1: SINGLE (Groundball, 5S, EV 69.4 MPH) (infield hit)
Batting: RHB Tim Wright 0-0: Ball
Juan Lugo is caught stealing 2nd base 2-4
Bottom of the 8th over - 0 runs, 1 hit, 0 errors, 0 left on base; Northern Virginia 3 - Boston 8
TOP OF THE 9TH
Northern Virginia Rainbow Mermaids batting - Pitching for Boston Patriots : RHP Lung Zhou
Batting: LHB Benno Luby 0-0: Called Strike
0-1: Ball
1-1: Ball
2-1: Ball
3-1: Base on Balls
Batting: RHB Chris P. Bacon 0-0: Foul Ball, location: 2F
0-1: Ball
1-1: Swinging Strike
1-2: Grounds into double play, 5-4-3 (Groundball, 56S, EV 83.1 MPH)
Batting: RHB Guillermo Dettori 0-0: Called Strike
0-1: Ball
1-1: Ball
2-1: Ground out 1-3 (Groundball, 15S, EV 72.5 MPH)
Top of the 9th over - 0 runs, 0 hits, 0 errors, 0 left on base; Northern Virginia 3 - Boston 8
Monday, October 31st , 2022 - OOTP Baseball 22.12 Build 89